 Dungeon Crawl Stone Soup version 0.19.4 (webtiles) character file.

225 vatarom the Conjurer (level 5, -9/40 HPs)
             Began as a Draconian Conjurer on Feb 2, 2017.
             Mangled by an ogre
             ... wielding a +0 giant club
              (28 damage)
             ... on level 4 of the Dungeon.
             The game lasted 00:08:10 (2770 turns).

vatarom the Conjurer (Draconian Conjurer)           Turns: 2770, Time: 00:08:11

Health: -9/40      AC:  6    Str: 10 (11) XL:     5   Next: 68%
Magic:  2/8        EV: 12    Int: 16      God:
Gold:   80         SH:  0    Dex: 11      Spells: 3 memorised, 2 levels left

rFire  . . .     SeeInvis .     d - +0 dagger (venom)
rCold  . . .     Gourm    .     (armour unavailable)
rNeg   . . .     Faith    .     (no shield)
rPois  .         Spirit   .     (helmet restricted)
rElec  .         Reflect  .     (no cloak)
rCorr  .         Harm     .     (no gloves)
MR     .....                    l - +0 pair of boots
Stlth  ++........               (no amulet)
                                (no ring)
                                (no ring)

@: no status effects
A: unfitting armour, cold-blooded, AC +5
a: no special abilities


You were on level 4 of the Dungeon.
You were not hungry.

You visited 1 branch of the dungeon, and saw 4 of its levels.

You collected 80 gold pieces.

Inventory:

Hand Weapons
 d - a +0 dagger of venom (weapon)
Armour
 l - a +0 pair of boots (worn)
Scrolls
 e - 2 scrolls of identify
 f - a scroll of remove curse
 i - a scroll of enchant armour
 k - 2 scrolls of magic mapping
Potions
 g - 2 potions of haste
 m - a potion of curing
Books
 a - a book of Conjurations

   Spells                             Type                      Level
   a - Magic Dart                     Conjuration                  1
   b - Searing Ray                    Conjuration                  2
   c - Dazzling Spray                 Conjuration/Hexes            3
   d - Fulminant Prism                Conjuration/Hexes            4
   e - Iskenderun's Mystic Blast      Conjuration                  4
   f - Iskenderun's Battlesphere      Conjuration/Charms           5
Comestibles
 b - 2 bread rations
 c - 2 meat rations
 h - a fruit
 j - a slice of pizza
 n - a beef jerky


   Skills:
 - Level 1.2 Fighting
 - Level 1.7 Dodging
 - Level 1.7 Stealth
 - Level 2.3 Spellcasting
 * Level 6.6 Conjurations


You had 2 spell levels left.
You knew the following spells:

 Your Spells              Type           Power        Failure   Level  Hunger
a - Magic Dart            Conj           ###.         1%          1    #......
b - Searing Ray           Conj           ###...       1%          2    ###....
c - Dazzling Spray        Conj/Hex       ##....       17%         3    ###....


Dungeon Overview and Level Annotations

Branches:
Dungeon (4/15)
 Temple: D:4-7

Altars:
The Shining One

Annotations:
D:3 Paps's ghost, amateur GrAs


Innate Abilities, Weirdness & Mutations

Your plain brown scales are hard. (AC +5)
You cannot fit into any form of body armour.
You are cold-blooded and may be slowed by cold attacks.


Message History

Casting: Dazzling Spray
Confirm with . or Enter, or press ? or * to list all spells.
Aiming: Magic Dart
Press: ? - help, Shift-Dir - straight line, f/p - ogre
Aim: an ogre, wielding a giant club (moderately wounded)
The magic dart hits the ogre.
The ogre is moderately wounded.
The ogre barely misses you.
You barely miss the ogre.
The ogre is moderately wounded.
The ogre hits you with a giant club.
You barely miss the ogre.
The ogre is moderately wounded.
The ogre hits you with a giant club!
You hit the ogre but do no damage.
The ogre is poisoned.
The ogre is moderately wounded.
The ogre barely misses you. The ogre hits you with a giant club!!
Ouch! That really hurt!
You die...

#.##.# #.##.# #.
#..#.# #.
#....### #+###.
#......#
......###......#
#.......#...>..#
..........O....#
........##.@...#
........##.....#
........##.....#
...)....##.....#
......?.##.....#
##......##.....#
#...........###
.....#+#####.#
##.#.. #.#


You could see an ogre.

Vanquished Creatures
  Menkaure (D:4)
  4 adders
  An ooze (D:1)
  A worm (D:3)
  2 leopard geckos (D:1)
  An orc (D:3)
  A ball python (D:3)
  2 giant cockroaches
  6 goblins
  4 hobgoblins
  9 jackals
  A quokka (D:3)
  7 bats
  3 frilled lizards
  5 kobolds
  8 rats
56 creatures vanquished.

Notes
Turn   | Place    | Note
-------+----------+-------------------------------------------
     0 | D:1      | vatarom the Draconian Conjurer began the quest for the Orb.
     0 | D:1      | Reached XP level 1. HP: 14/14 MP: 3/3
   342 | D:1      | Reached XP level 2. HP: 22/22 MP: 0/5
   352 | D:1      | Learned a level 2 spell: Searing Ray
   649 | D:1      | Reached skill level 1 in Fighting
  1182 | D:2      | Reached XP level 3. HP: 26/28 MP: 6/6
  1243 | D:2      | Learned a level 3 spell: Dazzling Spray
  1373 | D:2      | Reached skill level 5 in Conjurations
  1530 | D:2      | Found a glowing golden altar of the Shining One.
  1673 | D:2      | Reached XP level 4. HP: 33/35 MP: 7/7
  2205 | D:3      | Noticed Paps's ghost (amateur GrAs)
  2239 | D:4      | Noticed Menkaure
  2663 | D:4      | Killed Menkaure
  2663 | D:4      | Reached skill level 6 in Conjurations
  2663 | D:4      | Reached XP level 5. HP: 22/40 MP: 0/8
  2755 | D:4      | Noticed an ogre
  2770 | D:4      | Mangled by an ogre

Skill      XL: |  1  2  3  4 |
---------------+-------------+-----
Fighting       | 1 |  1.2
Conjurations   | 5 6 |  6.6
Dodging        | |  1.7
Stealth        | |  1.7
Spellcasting   | |  2.3

Action                   |  1- 3 |  4- 6 || total
-------------------------+-------+-------++-------
Melee: Dagger            |    70 |    31 ||   101
       Tailslap          |     4 |     2 ||     6
 Cast: Magic Dart        |    39 |    22 ||    61
       Searing Ray       |     2 |     4 ||     6
       Dazzling Spray    |       |     2 ||     2
  Use: Scroll            |     3 |     1 ||     4
       Potion            |     2 |     2 ||     4
 Stab: Sleeping          |     3 |       ||     3
  Eat: Fruit             |     2 |       ||     2
       Chunk             |     1 |     3 ||     4
       Meat ration       |       |     1 ||     1
Armor: Skin              |    20 |     5 ||    25
Dodge: Dodged            |    53 |    23 ||    76
